 Dungeon Crawl Stone Soup version 0.25-a0-458-g6fc7858b95 (webtiles) character file.

Game seed: 3483243986325074354, levelgen mode: deterministic

2863 funkygono the Basher (level 9, -1/78 HPs)
             Began as a Minotaur Fighter on Feb 2, 2020.
             Was a Follower of the Shining One.
             Slain by a hornet (11 damage)
             ... while paralysed by a hornet
             ... on level 7 of the Dungeon.
             The game lasted 00:20:58 (4574 turns).

funkygono the Basher (Minotaur Fighter)             Turns: 4574, Time: 00:21:01

Health: -1/78      AC: 14    Str: 26    XL:     9   Next: 47%
Magic:  8/8        EV:  2    Int: 10    God:    the Shining One [*.....]
Gold:   284        SH:  0    Dex: 13    Spells: 8/8 levels left

rFire    + + +     SeeInvis .   b - +1 hunting sling
rCold    x . .     Gourm    +   c - +0 shield
rNeg     . . .     Faith    .   s - +0 fire dragon scales
rPois    .         Spirit   .   (helmet restricted)
rElec    .         Reflect  .   F - +0 cloak
rCorr    .         Harm     .   e - +0 pair of gloves
MR       .....                  B - +0 pair of boots
Stlth    ..........             p - amulet of the gourmand
HPRegen  0.23/turn              n - ring of protection from fire
MPRegen  0.11/turn              u - +5 ring of intelligence

@: paralysed, mighty, slowed, glowing
A: retaliatory headbutt, horns 2
a: Renounce Religion


You were on level 7 of the Dungeon.
You worshipped the Shining One.
The Shining One was aware of your devotion.
You were very full.

You visited 2 branches of the dungeon, and saw 6 of its levels.
You also visited: Sewer.

You collected 284 gold pieces.

Inventory:

Hand Weapons
 a - a +3 whip
 b - a +1 hunting sling (weapon)
 v - a +2 hunting sling of flaming
 G - the cursed +1 scythe of Ughuesa {flame, rElec rPois rF- Dex+4, unknown}
   (You found it on level 7 of the Dungeon)

   It has been specially enchanted to burn those struck by it, causing extra
   injury to most foes and up to half again as much damage against particularly
   susceptible opponents.
   Big, fiery blades are also staple armaments of hydra-hunters.
   It affects your dexterity (+4).
   It makes you vulnerable to fire.
   It insulates you from electricity.
   It protects you from poison.
   It has a curse placed upon it.
Missiles
 g - 169 stones
 o - 15 sling bullets (quivered)
Armour
 c - a +0 shield (worn)
 e - a +0 pair of gloves (worn)
 j - a +3 leather armour of cold resistance
 s - +0 fire dragon scales (worn)
 x - +0 acid dragon scales
 B - a +0 pair of boots (worn)
 F - a +0 cloak (worn)
Magical Staves
 y - an uncursed staff of fire {unknown}
 z - an uncursed staff of air {unknown}
 E - an uncursed staff of earth
Jewellery
 n - a ring of protection from fire (left hand)
 p - an amulet of the gourmand (around neck)
 u - a +5 ring of intelligence (right hand)
Wands
 C - a wand of flame (16)
Scrolls
 i - 3 scrolls of identify
 l - a scroll of teleportation
 r - 2 scrolls of remove curse
 t - a scroll of fog
 D - a scroll of enchant armour {unknown}
Potions
 d - a potion of might
 h - 3 potions of agility
 k - a potion of cancellation
 m - a potion of brilliance {unknown}
 q - a potion of curing
Miscellaneous
 A - a sack of spiders
Comestibles
 f - 9 rations


   Skills:
 + Level 6.8 Fighting
 + Level 8.4 Maces & Flails
 + Level 6.4 Slings
 + Level 7.2 Armour
 + Level 2.9 Dodging
 + Level 7.5 Shields


You had 8 spell levels left.
You didn't know any spells.
Your spell library contained the following spells:

 Spells                   Type           Power        Failure   Level  Hunger
 Infusion                 Chrm           #...         94%         1    ##.....
 Shroud of Golubria       Chrm/Tloc      #.....       98%         2    ###....
 Song of Slaying          Chrm           #.......     98%         2    ###....
 Ozocubu's Armour         Chrm/Ice       #.......     100%        3    ####...
 Spectral Weapon          Hex/Chrm       #.......     100%        3    ####...
 Summon Lightning Spire   Summ/Air       #.......     100%        4    #####..
 Silence                  Hex/Air        #.........   100%        5    ######.
 Conjure Ball Lightning   Conj/Air       #.........   100%        6    #######
 Deflect Missiles         Chrm/Air       #.........   100%        6    #######
 Tornado                  Air            #.........   100%        9    #######


Dungeon Overview and Level Annotations

Branches:
Dungeon (4/15)             Temple (1/1) D:4           Sewer (visited)

Altars:
Cheibriados
Dithmenos
Elyvilon
Hepliaklqana
Kikubaaqudgha
Nemelex Xobeh
Qazlal
Ru
Sif Muna
Trog
Vehumet
Xom
Yredelemnul
Zin
The Shining One


Innate Abilities, Weirdness & Mutations

You reflexively headbutt those who attack you in melee.
You have a pair of horns on your head.


Message History

The hornet stings you but does no damage.
Your shield and fire dragon scales prevent you from hitting the hornet.
The hornet is severely wounded.
The hornet stings you but does no damage.
You block the hornet's attack. x2
The hornet stings you but does no damage.
Unknown command.
You feel very mighty all of a sudden. The hornet stings you.
* * * LOW HITPOINT WARNING * * *
You feel as though you will be slow longer.
You block the hornet's attack.
You clumsily bash the hornet.
Your headbutt misses the hornet.
The hornet is almost dead.
The hornet closely misses you. The hornet stings you.
* * * LOW HITPOINT WARNING * * *
You suddenly lose the ability to move!
The hornet stings you but does no damage.
The hornet stings you!
You die...

#.....#....#.#. #.
###.####...#.#. #.#
##.....###..#.#. #.#
##....#..###.#.#[ ###.#
##..#..##..####.##
#.....#..##..###..#.....
#.....#.###(#.....#.#.#.
#..y....###......#.#.
..#@....#.###.#.#.#.
...#..###..##..#.#... ##
##..##..#..#######
##..#....##...... ..
##.....##.......
....###.###........
#..............####
##.....>...........
#############.####


You could see a hornet.

Vanquished Creatures
  A hippogriff (D:7)
  A shadow (D:7)
  3 hungry ghosts (D:7)
  An acid dragon (D:7)
  An ice beast (D:7)
  2 phantoms
  A black bear (D:7)
  A necrophage (D:7)
  An ogre (D:4)
  2 centaurs (D:7)
  5 bullfrogs
  A scorpion (D:4)
  A wight (D:7)
  A howler monkey (D:4)
  A jelly (D:7)
  6 hounds
  A centaur skeleton (D:7)
  Terence (D:2)
  4 orc wizards (D:7)
  A worker ant (D:4)
  8 gnolls
  20 adders
  2 river rats (D:4)
  21 oozes
  2 adder skeletons
  A worm (D:4)
  A dart slug (D:4)
  14 leopard geckos
  5 orcs
  19 giant cockroaches
  6 goblins
  6 hobgoblins
  11 jackals
  A quokka (D:2)
  13 ball pythons
  4 bats
  16 frilled lizards
  8 kobolds
  A quokka skeleton (D:7)
  3 rats
198 creatures vanquished.

Notes
Turn   | Place    | Note
-------+----------+-------------------------------------------
     0 | D:1      | funkygono the Minotaur Fighter began the quest for the Orb.
     0 | D:1      | Reached XP level 1. HP: 19/19 MP: 0/0
   501 | D:1      | Reached XP level 2. HP: 27/27 MP: 1/1
   668 | D:2      | Noticed Terence
   684 | D:2      | Killed Terence
   684 | D:2      | Reached XP level 3. HP: 28/33 MP: 2/2
   733 | D:2      | You fall into a shaft and drop 2 floors!
   751 | D:4      | Reached skill level 3 in Maces & Flails
   771 | D:4      | Reached XP level 4. HP: 21/40 MP: 3/3
   870 | D:4      | Found a glowing drain.
   883 | Sewer    | Entered a sewer
   912 | Sewer    | Reached skill level 4 in Maces & Flails
  1154 | Sewer    | Reached skill level 1 in Slings
  1154 | Sewer    | Reached XP level 5. HP: 45/46 MP: 4/4
  1626 | Sewer    | Reached XP level 6. HP: 50/53 MP: 5/5
  1671 | Sewer    | Reached skill level 5 in Shields
  1684 | Sewer    | Reached skill level 1 in Dodging
  1762 | D:4      | Reached skill level 5 in Armour
  1837 | D:4      | Reached XP level 7. HP: 60/60 MP: 6/6
  1844 | D:4      | Reached skill level 5 in Maces & Flails
  2764 | D:2      | Found a shimmering altar of Xom.
  2918 | D:2      | Reached skill level 5 in Fighting
  3354 | D:4      | Found a staircase to the Ecumenical Temple.
  3395 | Temple   | Entered the Ecumenical Temple
  3463 | Temple   | Became a worshipper of the Shining One
  3741 | D:4      | Reached XP level 8. HP: 59/69 MP: 7/7
  3767 | D:4      | You fall into a shaft and drop 3 floors!
  3774 | D:7      | Found a stormy altar of Qazlal.
  3794 | D:7      | Reached skill level 5 in Slings
  3802 | D:7      | Found a shimmering blue altar of Sif Muna.
  3838 | D:7      | Reached skill level 6 in Maces & Flails
  3878 | D:7      | Noticed a hippogriff
  3887 | D:7      | Killed a hippogriff
  3909 | D:7      | Reached skill level 7 in Maces & Flails
  3939 | D:7      | Reached XP level 9. HP: 43/75 MP: 8/8
  3957 | D:7      | Reached * piety under the Shining One
  4002 | D:7      | Reached skill level 8 in Maces & Flails
  4478 | D:7      | Got a bloodstained scythe
  4527 | D:7      | Found a shadowy altar of Dithmenos.
  4561 | D:7      | Paralysed by a hornet for 1 turns
  4565 | D:7      | Paralysed by a hornet for 2 turns
  4567 | D:7      | Paralysed by a hornet for 3 turns
  4574 | D:7      | Paralysed by a hornet for 3 turns
  4574 | D:7      | Slain by a hornet

Levels and vault maps discovered:
D:1:      lightli_arrival_flooded_house, layout_loops_ring
D:2:      layout_basic, serial_glass, glass_columns_b, glass_columns_a,
          glass_columns_a, glass_columns_b, tgw_xom, uniq_terence
D:3:      minmay_angry_zag, layout_rooms, first_ration
D:4:      layout_rooms, kennysheep_mini, minmay_temple_entry_steel_oval,
          lightli_sewer_entry_pipes, grunt_ministairs_3
D:7:      minmay_the_grid_octo_tiled_squarecenter [minmay_the_grid_octo_toaster,
          minmay_the_grid_octo_pinwheel, minmay_the_grid_octo_clover,
          minmay_the_grid_octo_focus,
          minmay_the_grid_square_5x5_megaprize_crossed,
          minmay_the_grid_square_5x5_six, minmay_the_grid_square_5x5_one_wall,
          minmay_the_grid_square_5x5_half_checkered,
          minmay_the_grid_square_5x5_v], layout_basic, grunt_dithmenos_smoke,
          lemuel_doored_altar, lemuel_crystal_altar, ebering_ghost_inner_flame,
          the_bakery, uniq_menkaure
Temple:   minmay_temple_curvy_loop

Skill      XL: |  1  2  3  4  5  6  7  8  9 |
---------------+----------------------------+-----
Shields        | 4 5 6 7 |  7.5
Armour         | 4 5 6 7 |  7.2
Maces & Flails | 3 4 5 7 8 |  8.4
Fighting       | 4 5 6 |  6.8
Slings         | 1 2 3 4 6 |  6.4
Dodging        | 1 2 |  2.9

Action                   |  1- 3 |  4- 6 |  7- 9 || total
-------------------------+-------+-------+-------++-------
Melee: Flail             |    20 |       |       ||    20
       Headbutt          |    10 |    22 |    61 ||    93
       Whip              |    46 |   163 |   284 ||   493
       Hunting sling     |       |       |    15 ||    15
 Fire: Hunting sling     |    23 |    87 |   118 ||   228
Throw: Stone             |       |       |     6 ||     6
  Use: Scroll            |     3 |     1 |     6 ||    10
       Potion            |       |       |     2 ||     2
  Eat: Chunk             |       |     3 |    25 ||    28
Armor: Scale mail        |    26 |    66 |    16 ||   108
       Fire dragon scale |       |       |    75 ||    75
Dodge: Dodged            |    14 |    45 |    74 ||   133
Block: Shield            |    40 |    75 |   130 ||   245

Table legend:
 A = Non-vault XP
 B = Vault XP
 C = Vault XP percentage of total XP
 D = Non-vault monster count
 E = Vault monster count
 F = Vault count percentage of total count
                 A         B        C        D         E       F
            +---------+---------+-------+---------+---------+-------
      Total |    1437 |    2653 |  64.9 |      85 |     113 |  57.1
            +---------+---------+-------+---------+---------+-------
        D:1 |      15 |       0 |   0.0 |       9 |       0 |   0.0
        D:2 |     115 |      66 |  36.5 |      30 |       8 |  21.1
        D:3 |     122 |      12 |   9.0 |      20 |       5 |  20.0
        D:4 |     473 |     187 |  28.3 |      19 |      11 |  36.7
        D:7 |     712 |    1926 |  73.0 |       7 |      24 |  77.4
      Sewer |       0 |     462 | 100.0 |       0 |      65 | 100.0
            +---------+---------+-------+---------+---------+-------
